 Dungeon Crawl Stone Soup version 0.30-a0-737-gf23d94013f (webtiles) character file.

Game seed: 3326996492912652984

12187 Newt the Slicer (level 11, -2/86 HPs)
             Began as a Demonspawn Gladiator on Feb 2, 2023.
             Was a High Priest of Okawaru.
             Slain by a cyan ugly thing (17 damage)
             ... on level 9 of the Dungeon.
             The game lasted 00:15:51 (10091 turns).

Newt the Slicer (Demonspawn Gladiator)             Turns: 10091, Time: 00:15:52

Health: -2/86      AC: 16    Str: 23    XL:     11   Next: 59%
Magic:  26/26      EV: 12    Int: 10    God:    Okawaru [*****.]
Gold:   658        SH:  0    Dex: 17    Spells: 10/10 levels left

rFire   + + .      SeeInvis .    D - +7 short sword of the Decaying God {venom, Fragile rF+ MP+9 Str+3}
rCold   + + .      Faith    .    F - orb {light}
rNeg    . . .      Spirit   .    W - +0 troll leather armour
rPois   .          Reflect  .    c - +0 helmet
rElec   .          Harm     .    g - scarf {rC+ rF+}
rCorr   .          Rampage  .    J - +0 pair of gloves
Will    .....                    (no boots)
Stlth   +                        Q - amulet of the acrobat
HPRegen 1.14/turn                e - ring "Ymeduf" {Wiz Fly Str+4}
MPRegen 0.20/turn                x - ring of protection from cold

@: sanguine armoured, flying, glowing
A: powered by death 1, powered by pain 2, sanguine armour 2
a: Renounce Religion, Heroism, Finesse, Duel


You were on level 9 of the Dungeon.
You worshipped Okawaru.
Okawaru was extremely pleased with you.
You visited 2 branches of the dungeon, and saw 10 of its levels.
You also visited: Sewer and Ossuary.

You collected 658 gold pieces.

Inventory:

Hand Weapons
 a - a +0 rapier
 n - a +1 mace of draining
 r - a +1 short sword of electrocution
 D - the +7 short sword of the Decaying God (weapon) {venom, Fragile rF+ MP+9 Str+3}
   (You found it on level 4 of the Dungeon)

   Str:       It affects your strength (+3).
   rF:        It protects you from fire.
   MP:        It affects your magic capacity (+9).
   Fragile:   It will be destroyed if unequipped.
 T - a +1 rapier of electrocution
Missiles
 m - 32 poisoned darts
 y - 9 boomerangs (quivered)
 N - 3 silver boomerangs
Armour
 b - a +0 leather armour
 c - a +0 helmet (worn)
 g - a scarf of resistance (worn)
 C - the +4 ring mail of Voodot {rC+}
   (You found it on level 4 of the Dungeon)

   rC:        It protects you from cold.
 F - an orb of light (worn)
 G - +0 steam dragon scales
 I - a +0 cloak
 J - a +0 pair of gloves (worn)
 W - a +0 troll leather armour (worn)
Jewellery
 e - the ring "Ymeduf" (left hand) {Wiz Fly Str+4}
   (You found it on level 2 of the Dungeon)

   [ring of wizardry]

   It improves your spell success rate.
   Str:       It affects your strength (+4).
   Fly:       It grants you flight.
 f - a ring of ice
 x - a ring of protection from cold (right hand)
 Q - an amulet of the acrobat (around neck)
Wands
 z - a wand of polymorph (6)
 P - a wand of flame (18)
 R - a wand of mindburst (2)
Scrolls
 h - 6 scrolls of teleportation
 j - 4 scrolls of blinking
 k - a scroll of torment
 l - a scroll of enchant armour
 u - 4 scrolls of enchant weapon
 E - 2 scrolls of brand weapon
 M - 2 scrolls of magic mapping
 V - a scroll of butterflies
 X - a scroll of amnesia
Potions
 d - a potion of might
 i - 4 potions of degeneration
 o - 4 potions of brilliance
 p - a potion of heal wounds
 q - 2 potions of invisibility
 s - 3 potions of attraction
 t - 2 potions of mutation
 v - 2 potions of cancellation
 w - 3 potions of lignification
 A - 2 potions of magic
 B - 3 potions of haste
 H - 2 potions of flight
 K - 3 potions of curing
 L - a potion of ambrosia
 O - 2 potions of resistance


   Skills:
 - Level 8.0 Fighting
 + Level 11.1 Short Blades
 - Level 5.0 Maces & Flails
 - Level 6.0 Throwing
 - Level 5.0 Armour
 - Level 2.6 Dodging
 - Level 1.5 Stealth
 - Level 9.0 Invocations


You had 10 spell levels left.
You didn't know any spells.
Your spell library contained the following spells:

 Spells                   Type           Power      Damage    Failure   Level
 Freeze                   Ice            0%         1d3       16%         1
 Ensorcelled Hibernation  Hex/Ice        0%         N/A       26%         2
 Scorch                   Fire           0%         2d5       26%         2
 Frozen Ramparts          Ice            0%         1d1       43%         3
 Hailstorm                Conj/Ice       0%         3d3       43%         3
 Spider Form              Tmut/Pois      0%         N/A       43%         3
 Anguish                  Hex/Necr       0%         N/A       82%         4
 Flame Wave               Conj/Fire      0%         2d4       82%         4
 Freezing Cloud           Conj/Ice/Air   0%         6-21      98%         5
 Polar Vortex             Ice            0%         N/A       100%        9
 Summon Small Mammal      Summ           Unusable   N/A       N/A         1
 Call Canine Familiar     Summ           Unusable   N/A       N/A         3
 Summon Guardian Golem    Hex/Summ       Unusable   N/A       N/A         3
 Simulacrum               Ice/Necr       Unusable   N/A       N/A         6
 Summon Cactus Giant      Summ           Unusable   N/A       N/A         6

Dungeon Overview and Level Annotations

Branches:
Dungeon (9/15)             Temple (1/1) D:6            Lair (0/5) D:8
  Sewer (visited)         Ossuary (visited)
    Orc: D:9-12

Altars:
Cheibriados
Hepliaklqana
Okawaru
Trog
Wu Jian
Xom

Annotations:
D:7 1 runed translucent door, Newt's ghost, novice DsGl


Innate Abilities, Weirdness & Mutations

You regenerate a little health from kills.
You sometimes gain power by taking damage.
When seriously injured, your blood forms thick armour. (AC +9)


Message History

The four-headed hydra closely misses you.
You hit the four-headed hydra.
The four-headed hydra is severely wounded.
The orc warrior hits you but does no damage.
You hit the four-headed hydra.
The four-headed hydra is severely wounded.
The four-headed hydra bites you but does no damage.
The four-headed hydra bites you!
The four-headed hydra barely misses you.
The four-headed hydra bites you but does no damage.
You hit the four-headed hydra.
The four-headed hydra looks as sick as possible!
The four-headed hydra is almost dead.
The orc warrior hits you but does no damage.
You puncture the four-headed hydra!
You kill the four-headed hydra!
Okawaru is honoured by your kill.
Your Short Blades skill increases to level 11!
You barely miss the cyan ugly thing.
The cyan ugly thing is heavily wounded.
The orc warrior hits you from afar with a +0 glaive!
* * * LOW HITPOINT WARNING * * *
You hit the cyan ugly thing.
The cyan ugly thing is poisoned.
The cyan ugly thing is heavily wounded.
The cyan ugly thing barely misses you.
You puncture the cyan ugly thing!
The cyan ugly thing looks as sick as possible!
The cyan ugly thing is severely wounded.
The orc warrior closely misses you.
Throw: 3 boomerangs (silver)
Press: ? - help, Shift-Dir - straight line, f/p - cyan ugly thing
Aim: a cyan ugly thing (severely wounded, extremely poisoned, haloed, 82% to hit, chaotic)
You throw a silver boomerang.
The silver boomerang hits the cyan ugly thing but does no damage.
The silver sears the cyan ugly thing!
The cyan ugly thing is severely wounded.
The cyan ugly thing tentacle-slaps you!
* * * LOW HITPOINT WARNING * * *
The cyan ugly thing shocks you!
You die...

# .($ #...#### # #.#
##..#... # #.# #..#.##
# ... ##.#.# # #.#
#.#.# ##.## ######
#.#.# ###..o# #(...#
#...#
#.##u#####.#####...#
#.##@##.##.##}##...#
#....รท........##.#.##
#.##.##.##.##.##.#.)#
####.#####.##.##.#..#
#..).##...####.....
########.#####.##..
#)##.##.##)....
#....).))'.####
#.##)##.#### #


You could see a cyan ugly thing (extremely poisoned) and an orc warrior.

Vanquished Creatures
  2 hydras (D:9)
  3 two-headed ogres (D:9)
  6 death yaks
  A gargoyle (D:9)
  2 trolls
  Grinder (D:3)
  Prince Ribbit (D:4)
  A slime creature (D:9)
  2 wyverns (D:9)
  Eustachio (D:6)
  A vampire (D:9)
  A basilisk (shapeshifter) (D:9)
  A yak (D:9)
  2 steam dragons
  Menkaure (D:4)
  Edmund (D:6)
  2 water moccasins
  4 ice beasts
  2 sky beasts
  An ogre (D:4)
  A phantom (D:7)
  2 centaurs
  2 kobold brigands
  2 bullfrogs
  3 necrophages
  2 water moccasin zombies (Ossuary)
  4 wights
  6 killer bees (D:5)
  A howler monkey (D:6)
  3 orc priests
  An iron imp (D:7)
  6 hounds
  2 jellies
  Crazy Yiuf (D:6)
  3 gnoll boudas
  Jessica (D:3)
  4 iguanas
  4 orc wizards
  2 mummies (Ossuary)
  10 adders
  16 gnolls
  2 shadow imps
  2 white imps
  6 adder zombies (Ossuary)
  A worm (D:2)
  3 dart slugs
  22 orcs
  11 endoplasms
  5 giant cockroaches
  4 gnoll zombies (Ossuary)
  3 goblins
  5 hobgoblins
  18 jackals
  26 kobolds
  3 quokkas
  4 ball pythons
  12 bats
  6 frilled lizards
  5 hobgoblin zombies (Ossuary)
  3 kobold zombies (Ossuary)
  4 orc zombies (Ossuary)
  6 rats
263 creatures vanquished.

Vanquished Creatures (others)
  A wight (D:6)
  An adder (D:6)
  7 plants (D:5)
9 creatures vanquished.

Grand Total: 272 creatures vanquished

Notes
Turn   | Place    | Note
-------+----------+-------------------------------------------
     0 | D:1      | Newt the Demonspawn Gladiator began the quest for the Orb.
     0 | D:1      | Reached XP level 1. HP: 16/16 MP: 1/1
    89 | D:1      | Reached skill level 1 in Stealth
   175 | D:1      | Gained mutation: You sometimes gain a little power by
                  | taking damage. [demonic ancestry]
   175 | D:1      | Reached XP level 2. HP: 19/22 MP: 2/2
   584 | D:1      | Reached XP level 3. HP: 26/29 MP: 3/3
  1388 | D:2      | Gained mutation: When seriously injured, your blood forms
                  | armour. (AC +9) [demonic ancestry]
  1388 | D:2      | Reached XP level 4. HP: 32/37 MP: 4/4
  1587 | D:2      | Identified the ring "Ymeduf" {Wiz Fly Str+4}
  2074 | D:3      | Found a glowing drain.
  2158 | Sewer    | Entered a sewer
  2356 | Sewer    | Noticed a kobold brigand
  2367 | Sewer    | Killed a kobold brigand
  2368 | Sewer    | Reached skill level 5 in Fighting
  2368 | Sewer    | Reached skill level 1 in Maces & Flails
  2368 | Sewer    | Reached XP level 5. HP: 24/44 MP: 5/5
  2621 | D:3      | Noticed Grinder
  2623 | D:3      | Noticed Jessica
  2638 | D:3      | Killed Jessica
  2644 | D:3      | Paralysed by Grinder for 5 turns
  2659 | D:3      | Killed Grinder
  2660 | D:3      | Gained mutation: You sometimes gain power by taking damage.
                  | [demonic ancestry]
  2660 | D:3      | Reached XP level 6. HP: 28/51 MP: 6/6
  3312 | D:4      | Reached XP level 7. HP: 19/56 MP: 7/7
  3479 | D:4      | Reached skill level 5 in Maces & Flails
  4109 | D:4      | Identified the +7 short sword of the Decaying God {venom,
                  | Fragile rF+ MP+9 Str+3}
  4194 | D:4      | Found a shimmering altar of Xom.
  4194 | D:4      | Found an ornate altar of the Wu Jian Council.
  4227 | D:4      | Identified the +4 ring mail of Voodot {rC+}
  4348 | D:4      | Found an iron altar of Okawaru.
  4646 | D:4      | Became a worshipper of Warmaster Okawaru
  4694 | D:5      | Entered Level 5 of the Dungeon
  4694 | D:5      | Noticed Prince Ribbit
  4699 | D:5      | Noticed Menkaure
  4728 | D:4      | Killed Prince Ribbit
  4954 | D:4      | Killed Menkaure
  4954 | D:4      | Reached * piety under Okawaru
  4955 | D:4      | Reached skill level 5 in Throwing
  4955 | D:4      | Gained mutation: You regenerate a little health from kills.
                  | [demonic ancestry]
  4955 | D:4      | Reached XP level 8. HP: 38/62 MP: 8/8
  5167 | D:5      | Found a hazy altar of Hepliaklqana.
  5251 | D:5      | Reached skill level 3 in Short Blades
  5357 | D:5      | Reached skill level 4 in Short Blades
  5548 | D:5      | Reached skill level 5 in Short Blades
  5811 | D:6      | Reached ** piety under Okawaru
  5812 | D:6      | Reached skill level 6 in Short Blades
  5934 | D:6      | Gained mutation: When seriously injured, your blood forms
                  | thick armour. (AC +9) [demonic ancestry]
  5934 | D:6      | Reached XP level 9. HP: 67/68 MP: 9/9
  5946 | D:6      | Found a runed translucent door.
  5947 | D:6      | Noticed Crazy Yiuf
  6024 | D:6      | Noticed Eustachio
  6036 | D:6      | Killed Eustachio
  6037 | D:6      | Reached skill level 7 in Short Blades
  6168 | D:6      | Found a staircase to the Ecumenical Temple.
  6203 | D:6      | Noticed Edmund
  6215 | Temple   | Entered the Ecumenical Temple
  6220 | Temple   | Reached *** piety under Okawaru
  6506 | D:6      | Reached skill level 8 in Short Blades
  6515 | D:6      | Killed Edmund
  6767 | D:6      | Found a bloodstained altar of Trog.
  6905 | D:6      | Killed Crazy Yiuf
  7039 | D:7      | Reached skill level 9 in Short Blades
  7064 | D:7      | Reached skill level 1 in Armour
  7083 | D:7      | Found a runed translucent door.
  7084 | D:7      | Noticed Newt's ghost (novice DsGl)
  7161 | D:7      | Found a sand-covered staircase.
  7167 | Ossuary  | Entered an ossuary
  7434 | D:7      | Noticed a troll
  7446 | D:7      | Killed a troll
  7702 | D:7      | Found a snail-covered altar of Cheibriados.
  7886 | D:8      | Reached **** piety under Okawaru
  7933 | D:8      | Reached XP level 10. HP: 74/74 MP: 10/10
  7943 | D:8      | Noticed a death yak
  7943 | D:8      | Noticed a death yak
  7944 | D:8      | Noticed a death yak
  7945 | D:8      | Noticed a death yak
  7946 | D:8      | Noticed a death yak
  7947 | D:8      | Noticed a death yak
  7976 | D:7      | Killed a death yak
  7977 | D:7      | Reached skill level 5 in Armour
  7987 | D:7      | Killed a death yak
  8328 | D:8      | Found a staircase to the Lair.
  8352 | D:8      | Killed a death yak
  8366 | D:8      | Killed a death yak
  8366 | D:8      | Reached ***** piety under Okawaru
  8379 | D:8      | Killed a death yak
  8380 | D:8      | Reached skill level 5 in Invocations
  8385 | D:8      | Killed a death yak
  8385 | D:8      | Received a gift from Okawaru
  8829 | D:9      | Noticed a two-headed ogre
  8840 | D:9      | Killed a two-headed ogre
  8840 | D:9      | Received a gift from Okawaru
  8841 | D:9      | Reached XP level 11. HP: 86/86 MP: 17/17
  9135 | D:9      | Noticed a two-headed ogre
  9149 | D:9      | Killed a two-headed ogre
  9228 | D:9      | Noticed a six-headed hydra
  9244 | D:9      | Killed a six-headed hydra
  9495 | D:9      | Noticed a two-headed ogre
  9524 | D:9      | Reached skill level 10 in Short Blades
  9537 | D:9      | Killed a two-headed ogre
 10073 | D:9      | Noticed a cyan ugly thing
 10074 | D:9      | Noticed a four-headed hydra
 10087 | D:9      | Killed a four-headed hydra
 10088 | D:9      | Reached skill level 11 in Short Blades
 10091 | D:9      | Slain by a cyan ugly thing

Illustrated notes

Levels and vault maps discovered:
D:1:      wander_arrival_fairy_ring, layout_basic
D:2:      minmay_door_path, layout_basic
D:3:      layout_loops_corners, gup_sewer_entry_glass, uniq_jessica,
          uniq_grinder
D:4:      layout_basic, gammafunk_temple_overflow_elements,
          mainiacjoe_overflow_alcove_4
D:5:      layout_rooms, nicolae_hepliaklqana_hazy_memory, uniq_prince_ribbit1,
          uniq_menkaure
D:6:      layout_rooms, mainiacjoe_overflow_large_starburst,
          minmay_temple_entry_slanted, chequers_serial_rivers_micro_e,
          uniq_crazy_yiuf_cottage, uniq_eustachio, uniq_edmund
D:7:      layout_cave_pools, slow_altar_2, enter_ossuary_1,
          hellmonk_ghost_happy_afterlife
D:8:      layout_rooms, zin_academy, dpeg_lair_monsters
D:9:      hangedman_cross_veins, layout_basic
Temple:   nicolae_temple_figure_eight

Skill      XL: |  1  2  3  4  5  6  7  8  9 10 11 |
---------------+----------------------------------+-----
Stealth        | 1 |  1.5
Fighting       | 3 5 8 |  8.0
Maces & Flails | 1 4 5 |  5.0
Throwing       | 5 6 |  6.0
Short Blades   | 6 9 11 | 11.1
Armour         | 4 5 |  5.0
Invocations    | 8 9 |  9.0
Dodging        | |  2.6

Action                     |  1- 3 |  4- 6 |  7- 9 | 10-12 || total
---------------------------+-------+-------+-------+-------++-------
  Melee: Rapier            |   188 |    29 |       |       ||   217
         Punch             |     1 |     2 |     4 |       ||     7
         Mace              |       |   101 |    70 |       ||   171
         Short sword       |       |       |   452 |   235 ||   687
         Unarmed           |       |       |     2 |       ||     2
  Throw: Throwing net      |     3 |     5 |     1 |       ||     9
         Javelin           |     2 |       |       |     5 ||     7
         Dart              |       |     6 |       |       ||     6
         Boomerang         |       |       |    19 |    22 ||    41
 Invoke: Heroism           |       |       |       |     2 ||     2
  Evoke: Wand              |       |       |       |     4 ||     4
    Use: Scroll            |     1 |    12 |     7 |     3 ||    23
         Potion            |     1 |     2 |     3 |     3 ||     9
   Stab: Sleeping          |     2 |       |     1 |       ||     3
         Distracted        |       |     1 |     1 |       ||     2
         Held in net/web   |       |     1 |     1 |       ||     2
 Armour: Leather armour    |    62 |    57 |    15 |       ||   134
         Ring mail         |       |       |   181 |    73 ||   254
         Troll leather arm |       |       |       |     4 ||     4
  Dodge: Dodged            |   123 |   102 |   306 |   115 ||   646

Table legend: (Time is in decaauts)
 A = Elapsed time spent in this place.
 B = Non-inter-level travel time spent in this place.
 C = Inter-level travel time spent in this place.
 D = Time resting spent in this place.
 E = Time spent auto-exploring this place.
 F = Levels seen in this place.
 G = Mean time per level.
                   A        B        C        D        E       F      G
               +--------+--------+--------+--------+--------+-----+--------+
         Total |   9860 |   9471 |    389 |   2043 |   5479 |  12 |  821.7 |
       Dungeon |   9020 |   8631 |    389 |   1769 |   5134 |   9 | 1002.2 |
        Temple |    280 |    280 |      0 |    274 |      0 |   1 |  280.0 |
         Sewer |    382 |    382 |      0 |      0 |    249 |   1 |  382.0 |
       Ossuary |    176 |    176 |      0 |      0 |     96 |   1 |  176.0 |
               +--------+--------+--------+--------+--------+-----+--------+

Top non-repeatable levels by time:
     D:4: 1669 daAuts
     D:9: 1250 daAuts
     D:3: 1131 daAuts
     D:2: 1127 daAuts
     D:7: 939 daAuts
     D:5: 842 daAuts
     D:6: 813 daAuts
     D:1: 663 daAuts
     D:8: 583 daAuts
   Sewer: 382 daAuts
  Temple: 280 daAuts
 Ossuary: 176 daAuts
